SAA
VIRGINIA BEACH WHALES @ PROVIDENCE PILGRIMS
07/20/2042
 
TOP OF THE 1ST
Virginia Beach Whales batting - Pitching for Providence Pilgrims : RHP Jorge García
Pitching: RHP Jorge García
Batting: RHB Jessie Gibbs 0-0: Foul Ball, location: 2F
0-1: Ball
1-1: Swinging Strike
1-2: Ball
2-2: Foul Ball, location: 2F
2-2: Foul Ball, location: 2F
2-2: Foul Ball, location: 2F
2-2: Ball
3-2: Base on Balls
Batting: LHB Kalino Iolana 0-0: Ball
1-0: Foul Ball, location: 2F
1-1: Foul Ball, location: 2F
1-2: Ball
2-2: Fielders Choice at 2nd, 4-6 (Groundball, 34, EV 80.6 MPH)
Batting: RHB Óscar Cardozo 0-0: Called Strike
0-1: Called Strike
0-2: Ball
1-2: Fly out, F9 (Flyball, 8RM, EV 90.6 MPH)
Batting: RHB Todd Walker 0-0: Called Strike
0-1: Ball
1-1: Ball
Wild Pitch!
Kalino Iolana to second
2-1: Foul Ball, location: 2F
2-2: Ball
3-2: Strikes out looking
Top of the 1st over - 0 runs, 0 hits, 0 errors, 1 left on base; Virginia Beach 0 - Providence 0
BOTTOM OF THE 1ST
Providence Pilgrims batting - Pitching for Virginia Beach Whales : LHP Mark Taylor
Pitching: LHP Mark Taylor
Batting: RHB Carlos González 0-0: Ground out 6-3 (Groundball, 6, EV 82.5 MPH)
Batting: RHB Julián Vélez 0-0: Foul Ball, location: 2F
0-1: Ball
1-1: Foul Ball, location: 2F
1-2: Ball
2-2: Foul Ball, location: 2F
2-2: SINGLE (Groundball, 5D, EV 103.8 MPH)
Batting: RHB Chris Hall 0-0: Called Strike
0-1: Swinging Strike
0-2: Strikes out swinging
Batting: RHB Frank Ray 0-0: Called Strike
0-1: Foul Ball, location: 2F
0-2: Ball
1-2: Fly out, F9 (Flyball, 9S, EV 88.8 MPH)
Bottom of the 1st over - 0 runs, 1 hit, 0 errors, 1 left on base; Virginia Beach 0 - Providence 0
TOP OF THE 2ND
Virginia Beach Whales batting - Pitching for Providence Pilgrims : RHP Jorge García
Batting: RHB Paul Pitts 0-0: Called Strike
0-1: Ball
1-1: Ball
2-1: Foul Ball, location: 2F
2-2: Ground out 4-3 (Groundball, 4, EV 86.2 MPH)
Batting: RHB Juan Oleastro 0-0: Ball
1-0: Fly out, F9 (Flyball, 89S, EV 88.1 MPH)
Batting: RHB Nick Harper 0-0: Ball
1-0: Called Strike
1-1: Swinging Strike
1-2: Strikes out swinging
Top of the 2nd over - 0 runs, 0 hits, 0 errors, 0 left on base; Virginia Beach 0 - Providence 0
BOTTOM OF THE 2ND
Providence Pilgrims batting - Pitching for Virginia Beach Whales : LHP Mark Taylor
Batting: RHB Gilberto Ortíz 0-0: Ball
1-0: Called Strike
1-1: Hit by Pitch
Batting: LHB César Valtez 0-0: Called Strike
0-1: Fielders Choice at 2nd, 3-6 (Groundball, 3, EV 86.9 MPH)
Batting: RHB Allen Kelley 0-0: Ball
1-0: Swinging Strike
1-1: Ball
2-1: SINGLE (Flyball, 78S, EV 91.9 MPH)
César Valtez to second
Batting: RHB Bill Blair 0-0: Fly out, F9 (Line Drive, 9D, EV 97.5 MPH)
Runner from 2nd tags up, SAFE at 3rd, no throw by RF
Batting: RHB Jesse McCoy 0-0: DOUBLE (Line Drive, 89XD, EV 100.0 MPH)
César Valtez scores
Allen Kelley to third
Runner from 3rd tries for Home, SAFE, no throw by RF
Batting: RHB Carlos González 0-0: Ball
1-0: Ball
2-0: Called Strike
2-1: Ball
3-1: Foul Ball, location: 2F
3-2: Fly out, F7 (Flyball, 7LD, EV 108.1 MPH)
Bottom of the 2nd over - 2 runs, 2 hits, 0 errors, 1 left on base; Virginia Beach 0 - Providence 2
TOP OF THE 3RD
Virginia Beach Whales batting - Pitching for Providence Pilgrims : RHP Jorge García
Batting: RHB Dan Pike 0-0: Ball
1-0: Ball
2-0: Ball
3-0: Called Strike
3-1: Base on Balls
Batting: RHB Roberto González 0-0: Swinging Strike
0-1: Ball
1-1: Swinging Strike
1-2: Ball
2-2: Ball
3-2: Base on Balls
Dan Pike to second
Batting: RHB Jessie Gibbs 0-0: Ball
1-0: Ball
2-0: Called Strike
2-1: Called Strike
2-2: Ball
3-2: Base on Balls
Dan Pike to third
Roberto González to second
Batting: LHB Kalino Iolana 0-0: Foul Ball, location: 2F
0-1: Called Strike
0-2: Hit by Pitch
Dan Pike scores
Roberto González to third
Jessie Gibbs to second
Batting: RHB Óscar Cardozo 0-0: Swinging Strike
0-1: Ball
1-1: Fly out, F7 (Flyball, 7S, EV 87.5 MPH)
Batting: RHB Todd Walker 0-0: Ball
1-0: Foul Ball, location: 2F
1-1: Fly out, F9 (Flyball, 9S, EV 83.1 MPH)
Batting: RHB Paul Pitts 0-0: Ball
1-0: Called Strike
1-1: Called Strike
1-2: Foul Ball, location: 2F
1-2: Ball
2-2: SINGLE (Line Drive, 56, EV 106.9 MPH)
Roberto González scores
Jessie Gibbs to third
Kalino Iolana to second
Runner from 3rd tries for Home, SAFE, throw by LF to home
Batting: RHB Juan Oleastro 0-0: Called Strike
0-1: Ground out 4-3 (Groundball, 4MS, EV 81.9 MPH)
Top of the 3rd over - 3 runs, 1 hit, 0 errors, 2 left on base; Virginia Beach 3 - Providence 2
BOTTOM OF THE 3RD
Providence Pilgrims batting - Pitching for Virginia Beach Whales : LHP Mark Taylor
Batting: RHB Julián Vélez 0-0: Called Strike
0-1: DOUBLE (Line Drive, 9LS, EV 105.6 MPH)
Batting: RHB Chris Hall 0-0: Called Strike
0-1: Swinging Strike
0-2: Foul Ball, location: 2F
0-2: Ball
1-2: Ball
2-2: Ball
3-2: Foul Ball, location: 2F
3-2: Ground out 6-3 (Groundball, 6, EV 76.9 MPH)
Batting: RHB Frank Ray 0-0: SINGLE (Line Drive, 34D, EV 103.1 MPH)
Julián Vélez to third
Batting: RHB Gilberto Ortíz 0-0: Called Strike
0-1: Ball
1-1: Swinging Strike
1-2: Strikes out swinging
Batting: LHB César Valtez 0-0: Foul Ball, location: 2F
0-1: Ball
1-1: Foul Ball, location: 2F
1-2: Ball
2-2: Ball
3-2: Base on Balls
Frank Ray to second
Batting: RHB Allen Kelley 0-0: Called Strike
0-1: Fly out, F8 (Flyball, 78D, EV 83.8 MPH)
Bottom of the 3rd over - 0 runs, 2 hits, 0 errors, 3 left on base; Virginia Beach 3 - Providence 2
TOP OF THE 4TH
Virginia Beach Whales batting - Pitching for Providence Pilgrims : RHP Jorge García
Batting: RHB Nick Harper 0-0: Called Strike
0-1: Ground out U3 (Groundball, 34, EV 81.9 MPH)
Batting: RHB Dan Pike 0-0: Ball
1-0: Ball
2-0: Ball
3-0: Foul Ball, location: 2F
3-1: Base on Balls
Batting: RHB Roberto González 0-0: Ball
1-0: Foul Ball, location: 2F
1-1: Ball
2-1: Fly out, F9 (Line Drive, 9D, EV 98.8 MPH)
Batting: RHB Jessie Gibbs 0-0: Ground out U3 (Groundball, 34S, EV 86.2 MPH)
Top of the 4th over - 0 runs, 0 hits, 0 errors, 1 left on base; Virginia Beach 3 - Providence 2
BOTTOM OF THE 4TH
Providence Pilgrims batting - Pitching for Virginia Beach Whales : LHP Mark Taylor
Batting: RHB Bill Blair 0-0: Foul Ball, location: 2F
0-1: Foul Ball, location: 2F
0-2: Ball
1-2: Foul Ball, location: 2F
1-2: Strikes out swinging
Batting: RHB Jesse McCoy 0-0: Called Strike
0-1: Foul Ball, location: 2F
0-2: Ball
1-2: Strikes out looking
Batting: RHB Carlos González 0-0: Foul Ball, location: 2F
0-1: Called Strike
0-2: Ball
1-2: Strikes out swinging
Bottom of the 4th over - 0 runs, 0 hits, 0 errors, 0 left on base; Virginia Beach 3 - Providence 2
TOP OF THE 5TH
Virginia Beach Whales batting - Pitching for Providence Pilgrims : RHP Jorge García
Batting: LHB Kalino Iolana 0-0: Ball
1-0: Ball
2-0: Called Strike
2-1: Ball
3-1: Called Strike
3-2: Strikes out swinging
Batting: RHB Óscar Cardozo 0-0: Called Strike
0-1: Ball
1-1: Called Strike
1-2: Ball
2-2: Strikes out swinging
Batting: RHB Todd Walker 0-0: Ball
1-0: Ball
2-0: Called Strike
2-1: Fly out, F9 (Flyball, 9LM, EV 95.0 MPH)
Top of the 5th over - 0 runs, 0 hits, 0 errors, 0 left on base; Virginia Beach 3 - Providence 2
BOTTOM OF THE 5TH
Providence Pilgrims batting - Pitching for Virginia Beach Whales : LHP Mark Taylor
Batting: RHB Julián Vélez 0-0: Called Strike
0-1: Fly out, F4 (Flyball, 4MD, EV 90.6 MPH)
Batting: RHB Chris Hall 0-0: Foul Ball, location: 2F
0-1: Ball
1-1: Ground out 6-3 (Groundball, 6, EV 77.5 MPH)
Batting: RHB Frank Ray 0-0: Ball
1-0: Called Strike
1-1: Foul Ball, location: 2F
1-2: Ball
2-2: Ground out 5-3 (Groundball, 56, EV 87.5 MPH)
Bottom of the 5th over - 0 runs, 0 hits, 0 errors, 0 left on base; Virginia Beach 3 - Providence 2
TOP OF THE 6TH
Virginia Beach Whales batting - Pitching for Providence Pilgrims : RHP Jorge García
Pitching: RHP Ángel Ibarra
Batting: RHB Paul Pitts 0-0: Ball
1-0: Foul Ball, location: 2F
1-1: Foul Ball, location: 2F
1-2: Ball
2-2: Foul Ball, location: 2F
2-2: Foul Ball, location: 2F
2-2: Foul Ball, location: 2F
2-2: Ball
3-2: Base on Balls
Batting: RHB Juan Oleastro 0-0: Called Strike
0-1: Sac Bunt to 15 - play at first, batter OUT! 1-3
Paul Pitts to second
Batting: RHB Nick Harper 0-0: Called Strike
0-1: Foul Ball, location: 2F
0-2: Strikes out swinging
Batting: RHB Dan Pike 0-0: Ball
1-0: SINGLE (Flyball, 7S, EV 88.1 MPH)
Paul Pitts to third
Runner from 3rd tries for Home, SAFE, no throw by LF
Batting: RHB Roberto González 0-0: Ball
1-0: Called Strike
1-1: Called Strike
1-2: SINGLE (Flyball, 3D, EV 88.1 MPH)
Dan Pike to second
Runner from 2nd tries for 3rd, SAFE, throw by RF made to third
Batting: RHB Jessie Gibbs 0-0: Ball
1-0: Foul Ball, location: 2F
1-1: Foul Ball, location: 2F
1-2: Ball
2-2: Ball
3-2: SINGLE (Line Drive, 6M, EV 99.4 MPH)
Dan Pike scores
Roberto González to second
Roberto González to third
Batting: LHB Kalino Iolana 0-0: Swinging Strike
0-1: 3-RUN HOME RUN (Flyball, 9D, EV 96.2 MPH), Distance : 354 ft
Pitching: RHP Ellis Gedge
Batting: RHB Óscar Cardozo 0-0: Ball
1-0: SOLO HOME RUN (Flyball, 78XD, EV 103.1 MPH), Distance : 400 ft
Batting: RHB Todd Walker 0-0: SINGLE (Groundball, 56D, EV 95.0 MPH)
Batting: RHB Paul Pitts 0-0: Foul Ball, location: 2F
0-1: Ball
1-1: Ball
2-1: Ball
3-1: SINGLE (Groundball, 56D, EV 100.0 MPH)
Todd Walker to second
Batting: RHB Juan Oleastro 0-0: Ball
1-0: Foul Ball, location: 2F
1-1: Ball
2-1: Foul Ball, location: 2F
2-2: Foul Ball, location: 2F
2-2: Ball
3-2: Foul Ball, location: 2F
3-2: SINGLE (Groundball, 34D, EV 102.5 MPH)
Todd Walker to third
Paul Pitts to second
Todd Walker scores
Paul Pitts to third
Batting: RHB Nick Harper 0-0: Ball
1-0: Called Strike
1-1: Foul Ball, location: 2F
1-2: Strikes out swinging
Top of the 6th over - 7 runs, 8 hits, 0 errors, 2 left on base; Virginia Beach 10 - Providence 2
BOTTOM OF THE 6TH
Providence Pilgrims batting - Pitching for Virginia Beach Whales : LHP Mark Taylor
Batting: RHB Gilberto Ortíz 0-0: Ground out 5-3 (Groundball, 56, EV 86.9 MPH)
Batting: LHB César Valtez 0-0: Ball
1-0: Ground out U3 (Groundball, 34, EV 84.4 MPH)
Batting: RHB Allen Kelley 0-0: Called Strike
0-1: Swinging Strike
0-2: Foul Ball, location: 2F
0-2: Ball
1-2: Ground out 5-3 (Groundball, 56S, EV 67.5 MPH)
Bottom of the 6th over - 0 runs, 0 hits, 0 errors, 0 left on base; Virginia Beach 10 - Providence 2
TOP OF THE 7TH
Virginia Beach Whales batting - Pitching for Providence Pilgrims : RHP Ellis Gedge
Batting: RHB Dan Pike 0-0: Ball
1-0: Ball
2-0: Called Strike
2-1: Ball
3-1: Base on Balls
Pinch Hitting: RHB Dave Thomas 0-0: DOUBLE (Line Drive, 7LD, EV 107.5 MPH)
Dan Pike to third
Pinch Hitting: RHB Aatos Salmi 0-0: Ball
1-0: Ball
2-0: Called Strike
2-1: Foul Ball, location: 2F
2-2: Strikes out swinging
Batting: LHB Kalino Iolana 0-0: Swinging Strike
0-1: Called Strike
0-2: Ball
1-2: Ball
2-2: Foul Ball, location: 2F
2-2: Strikes out swinging
Batting: RHB Óscar Cardozo 0-0: Called Strike
0-1: Called Strike
0-2: Ball
1-2: Ball
2-2: Foul Ball, location: 2F
2-2: Foul Ball, location: 2F
2-2: Strikes out swinging
Top of the 7th over - 0 runs, 1 hit, 0 errors, 2 left on base; Virginia Beach 10 - Providence 2
BOTTOM OF THE 7TH
Providence Pilgrims batting - Pitching for Virginia Beach Whales : LHP Mark Taylor
Now at 3B: Aatos Salmi
Now in RF: Dave Thomas
Batting: RHB Bill Blair 0-0: Ball
1-0: Called Strike
1-1: Fly out, F7 (Flyball, 7D, EV 101.2 MPH)
Batting: RHB Jesse McCoy 0-0: Fly out, F7 (Flyball, 78S, EV 92.5 MPH)
Pinch Hitting: RHB José Nisperos 0-0: SINGLE (Flyball, 7S, EV 96.9 MPH)
Pitching: RHP Juan Capmany
Batting: RHB Julián Vélez 0-0: Called Strike
0-1: Fielders Choice at 2nd, 6-4 (Groundball, 6, EV 81.2 MPH)
Bottom of the 7th over - 0 runs, 1 hit, 0 errors, 1 left on base; Virginia Beach 10 - Providence 2
TOP OF THE 8TH
Virginia Beach Whales batting - Pitching for Providence Pilgrims : RHP Ellis Gedge
Now at 1B: José Nisperos
Batting: RHB Todd Walker 0-0: Ball
1-0: Ball
2-0: Foul Ball, location: 2F
2-1: Ball
3-1: Called Strike
3-2: SOLO HOME RUN (Flyball, 8LXD, EV 106.9 MPH), Distance : 427 ft
Batting: RHB Paul Pitts 0-0: Ball
1-0: Ball
2-0: Swinging Strike
2-1: Ball
3-1: Called Strike
3-2: Foul Ball, location: 2F
3-2: Foul Ball, location: 2F
3-2: Foul Ball, location: 2F
3-2: Foul Ball, location: 2F
3-2: Foul Ball, location: 2F
3-2: SINGLE (Groundball, 25, EV 66.9 MPH) (infield hit)
Pitching: LHP Teika Suto
Pinch Hitting: LHB Henry Head 0-0: Foul Ball, location: 2F
0-1: Ball
1-1: Swinging Strike
1-2: Ball
2-2: Foul Ball, location: 2F
2-2: Ball
3-2: Foul Ball, location: 2F
3-2: Fly out, F9 (Flyball, 9S, EV 85.6 MPH)
Pinch Hitting: RHB Manny Dedo 0-0: Ball
1-0: Fly out, F8 (Flyball, 8LXD, EV 103.1 MPH)
Batting: RHB Dan Pike 0-0: Ball
Wild Pitch!
Paul Pitts to second
1-0: Foul Ball, location: 2F
1-1: Ball
2-1: Ball
3-1: Base on Balls
Batting: RHB Dave Thomas 0-0: Ball
1-0: SINGLE (Line Drive, 8RS, EV 96.2 MPH)
Paul Pitts to third
Dan Pike to second
Runner from 3rd tries for Home, SAFE, no throw by CF
Batting: RHB Aatos Salmi 0-0: Ball
1-0: Called Strike
1-1: Ball
2-1: Called Strike
2-2: Foul Ball, location: 2F
2-2: Foul Ball, location: 2F
2-2: Strikes out swinging
Top of the 8th over - 2 runs, 3 hits, 0 errors, 2 left on base; Virginia Beach 12 - Providence 2
BOTTOM OF THE 8TH
Providence Pilgrims batting - Pitching for Virginia Beach Whales : RHP Juan Capmany
Now at 1B: Manny Dedo
Now in LF: Henry Head
Batting: RHB Chris Hall 0-0: Ball
1-0: Called Strike
1-1: Ball
2-1: Foul Ball, location: 2F
2-2: Fly out, F9 (Flyball, 9LM, EV 78.8 MPH)
Batting: RHB Frank Ray 0-0: Ball
1-0: Ball
2-0: Ground out 1-3 (Groundball, 13, EV 79.4 MPH)
Batting: RHB Gilberto Ortíz 0-0: Ball
1-0: Ball
2-0: Swinging Strike
2-1: Ball
3-1: Base on Balls
Batting: LHB César Valtez 0-0: Ball
1-0: Swinging Strike
1-1: Ball
2-1: Ball
3-1: Base on Balls
Gilberto Ortíz to second
Batting: RHB Allen Kelley 0-0: Ball
1-0: SINGLE (Groundball, 56D, EV 95.6 MPH)
Gilberto Ortíz to third
César Valtez to second
Runner from 3rd tries for Home, throw by LF and OUT! 7-2
Bottom of the 8th over - 0 runs, 1 hit, 0 errors, 2 left on base; Virginia Beach 12 - Providence 2
TOP OF THE 9TH
Virginia Beach Whales batting - Pitching for Providence Pilgrims : LHP Teika Suto
Batting: LHB Kalino Iolana 0-0: Foul Ball, location: 2F
0-1: SINGLE (Groundball, 56D, EV 101.9 MPH)
Batting: RHB Óscar Cardozo 0-0: Ball
1-0: Ball
Wild Pitch!
Kalino Iolana to second
2-0: Ground out 6-3 (Groundball, 6, EV 85.0 MPH)
Kalino Iolana to third
Batting: RHB Todd Walker 0-0: Ball
1-0: Called Strike
1-1: Ball
2-1: Foul Ball, location: 2F
2-2: 2-RUN HOME RUN (Line Drive, 7D, EV 93.1 MPH), Distance : 387 ft
Batting: RHB Paul Pitts 0-0: Called Strike
0-1: Fly out, F3 (Flyball, 3D, EV 89.4 MPH)
Batting: LHB Henry Head 0-0: Ball
1-0: Swinging Strike
1-1: Ground out U3 (Groundball, 3, EV 98.8 MPH)
Top of the 9th over - 2 runs, 2 hits, 0 errors, 0 left on base; Virginia Beach 14 - Providence 2
BOTTOM OF THE 9TH
Providence Pilgrims batting - Pitching for Virginia Beach Whales : RHP Juan Capmany
Batting: RHB Bill Blair 0-0: Ball
1-0: Ball
2-0: Called Strike
2-1: Called Strike
2-2: Ball
3-2: Foul Ball, location: 2F
3-2: Ground out 5-3 (Groundball, 56, EV 95.6 MPH)
Batting: RHB Jesse McCoy 0-0: Called Strike
0-1: Called Strike
0-2: Strikes out looking
Batting: RHB José Nisperos 0-0: Ball
1-0: SINGLE (Groundball, 4MD, EV 108.1 MPH)
Batting: RHB Julián Vélez 0-0: Ball
1-0: Fielders Choice at 2nd, 6-4 (Groundball, 56, EV 105.6 MPH)
Bottom of the 9th over - 0 runs, 1 hit, 0 errors, 1 left on base; Virginia Beach 14 - Providence 2
Friday, March 26th, 2021 - OOTP Baseball 20.8 Build 74